 Dungeon Crawl Stone Soup version 0.30.1-11-g7821555f0a (webtiles) character file.

Game seed: 7763796854243094571

94588 cowcol the Executioner (level 15, -1/156 HPs)
             Began as a Minotaur Fighter on Oct 31, 2023.
             Was a High Priest of Okawaru.
             Succumbed to a redback's poison
             ... on level 1 of the Spider Nest.
             The game lasted 01:36:15 (43555 turns).

cowcol the Executioner (Minotaur Fighter)          Turns: 43555, Time: 01:36:15

Health: -1/156     AC: 37    Str: 24    XL:     15   Next: 64%
Magic:  8/16       EV: 11    Int:  6    God:    Okawaru [*****.]
Gold:   709        SH:  0    Dex: 15    Spells: 14/14 levels left

rFire   + . .        J - +2 battleaxe (heavy)
rCold   x . .        (shield currently unavailable)
rNeg    . . .        k - +4 plate armour {rPois}
rPois   +            e - +1 hat
rElec   .            n - +2 cloak {rCorr}
rCorr   +            Q - +0 pair of gloves
SInv    +            L - +2 pair of boots
Will    +++..        E - amulet of guardian spirit Stlth
                     v - ring of Nohasaf {Fire Contam Will++ rCorr SInv}
HPRegen 0.46/turn    t - +4 ring of protection
MPRegen 0.15/turn

%: clarity, guardian spirit
@: lethally poisoned (-1 -> -29), about to teleport, heroic, slowed, very slow
A: horns 2, retaliatory headbutt, agile 1, clarity
a: Renounce Religion, Heroism, Finesse, Duel


You were on level 1 of the Spider Nest.
You worshipped Okawaru.
Okawaru was extremely pleased with you.
You visited 5 branches of the dungeon, and saw 24 of its levels.
You also visited: Gauntlet.

You collected 2265 gold pieces.
You spent 1556 gold pieces at shops.

Inventory:

Hand Weapons
 c - the +7 great sword of Uskayaw, Writhing {freeze, rN+ rCorr}
   (You took it off a minotaur in a Gauntlet)

   rN:        It protects you from negative energy.
   rCorr:     It protects you from acid and corrosion.
 l - a +2 battleaxe of flaming
 u - the +12 pair of quick blades "Gyre" and "Gimble" {protect}
   (You found it on level 4 of the Dungeon)
 J - a +2 heavy battleaxe (weapon)
 N - a +2 battleaxe of freezing
 S - a +3 heavy broad axe
 U - the +6 executioner's axe "Didegh" {freeze, rPois rC+++ Str+6 Int-5}
   (Okawaru gifted it to you on level 1 of the Lair of Beasts)

   Str:       It affects your strength (+6).
   Int:       It affects your intelligence (-5).
   rC:        It renders you almost immune to cold.
   rPois:     It protects you from poison.
Missiles
 p - 26 poisoned darts (quivered)
 r - 3 silver javelins
 w - 12 curare-tipped darts
Armour
 e - a +1 hat (worn)
 k - a +4 plate armour of poison resistance (worn)
 n - a +2 cloak of preservation (worn)
 L - a +2 pair of boots (worn)
 Q - a +0 pair of gloves (worn)
Jewellery
 b - a ring of protection from fire
 t - a +4 ring of protection (right hand)
 v - the ring of Nohasaf (left hand) {Fire Contam Will++ rCorr SInv}
   (You acquired it on level 4 of the Lair of Beasts)

   [ring of fire]

   It enhances your fire magic.
   rF:        It protects you from fire.
   rC:        It makes you vulnerable to cold.
   SInv:      It lets you see invisible.
   Contam:    It causes magical contamination when unequipped.
   rCorr:     It protects you from acid and corrosion.
   Will:      It greatly increases your willpower.
 y - a ring of flight
 z - a +5 ring of evasion
 E - an amulet of guardian spirit (around neck)
 M - the ring "Damejy" {Ice rElec rPois Will- Dex+5}
   (You bought it in a shop on level 2 of the Orcish Mines)

   [ring of ice]

   It enhances your ice magic.
   Dex:       It affects your dexterity (+5).
   rF:        It makes you vulnerable to fire.
   rC:        It protects you from cold.
   rElec:     It insulates you from electricity.
   rPois:     It protects you from poison.
   Will:      It decreases your willpower.
Wands
 a - a wand of light (28)
 q - a wand of roots (29)
 D - a wand of paralysis (17)
 G - a wand of digging (2)
 V - a wand of flame (33)
 X - a wand of mindburst (15)
Scrolls
 h - 3 scrolls of fear
 o - 5 scrolls of poison
 s - 4 scrolls of teleportation
 x - 5 scrolls of amnesia
 B - 5 scrolls of immolation
 K - 4 scrolls of vulnerability
 O - 6 scrolls of identify
 T - a scroll of torment
 W - a scroll of magic mapping
Potions
 d - 5 potions of might
 f - 6 potions of flight
 g - 2 potions of haste
 i - 5 potions of lignification
 j - 2 potions of heal wounds
 m - 6 potions of curing
 A - 4 potions of magic
 C - 3 potions of attraction
 H - a potion of resistance {unknown}
 I - 7 potions of brilliance
 P - 3 potions of cancellation
 R - 2 potions of berserk rage {unknown}
 Y - a potion of ambrosia {unknown}
Miscellaneous
 Z - a condenser vane


   Skills:
 + Level 20.3(25.3) Fighting
 - Level 5.0(10.0) Short Blades
 + Level 21.5(26.5) Axes
 - Level 1.6(6.6) Throwing
 - Level 14.0(19.0) Armour
 + Level 2.1(7.1) Dodging
 - Level 3.6(8.6) Shields
 + Level 3.6 Invocations


You had 14 spell levels left.
You didn't know any spells.
Your spell library contained the following spells:

 Spells                   Type           Power      Damage    Failure   Level
 Apportation              Tloc           0%         N/A       96%         1
 Beastly Appendage        Tmut           0%         N/A       96%         1
 Magic Dart               Conj           0%         1d3       96%         1
 Blink                    Tloc           0%         N/A       99%         2
 Cigotuvi's Dreadful Rot  Necr/Pois/Air  0%         N/A       99%         2
 Lesser Beckoning         Tloc           0%         N/A       99%         2
 Momentum Strike          Conj/Tloc      0%         3d8       99%         2
 Scorch                   Fire           0%         2d5       99%         2
 Searing Ray              Conj           0%         2d4       99%         2
 Wereblood                Tmut           0%         N/A       99%         2
 Dazzling Flash           Conj/Hex       0%         N/A       100%        3
 Ignite Poison            Fire/Tmut/Pois 0%         N/A       100%        3
 Spider Form              Tmut/Pois      0%         N/A       100%        3
 Volatile Blastmotes      Fire/Tloc      0%         2d10      100%        3
 Flame Wave               Conj/Fire      0%         2d4       100%        4
 Fulminant Prism          Conj/Hex       0%         3d5       100%        4
 Iskenderun's Mystic Bla  Conj/Tloc      0%         2d3       100%        4
 Alistair's Intoxication  Tmut/Pois      0%         N/A       100%        5
 Blade Hands              Tmut           0%         N/A       100%        5
 Freezing Cloud           Conj/Ice/Air   0%         6-21      100%        5
 Iron Shot                Conj/Erth      0%         9d1       100%        6
 Starburst                Conj/Fire      0%         6d3       100%        6
 Animate Armour           Summ/Erth      Unusable   N/A       N/A         4
 Summon Cactus Giant      Summ           Unusable   N/A       N/A         6

Dungeon Overview and Level Annotations

Branches:
Dungeon (15/15)            Temple (1/1) D:6            Lair (5/5) D:10
 Shoals (0/4) Lair:3       Spider (1/4) Lair:3        Slime (0/5) Lair:5
    Orc (2/2) D:10            Elf (0/3) Orc:2        Vaults (0/5) D:13
 Depths (0/4) D:15        Gauntlet (visited)

Altars:
Ashenzari
Cheibriados
Dithmenos
Elyvilon
Fedhas
Gozag
Hepliaklqana
Makhleb
Okawaru
Ru
Sif Muna
Trog
Xom
The Shining One
Jiyva

Shops:
D:11 ?   D:12 *   D:14 [   Orc:2 ?===

Annotations:
D:11 2 transporters


Innate Abilities, Weirdness & Mutations

You have a pair of horns on your head.
You reflexively headbutt those who attack you in melee.
You are agile. (Dex +4, Str/Int -1)
You possess an exceptional clarity of mind.


Message History

The redback bites you.
The redback bites you but does no damage.
The wolf spider hits you but does no damage.
The wolf spider bites you but does no damage.
The redback bites you but does no damage.
You slice the wolf spider like a ripe choko!!!
The wolf spider is almost dead.
You barely miss the redback. You closely miss the redback.
You feel extremely sick.
The wolf spider splashes around in the water. x2
The redback bites you but does no damage.
The redback bites you!
* * * LOW HITPOINT WARNING * * *
You are lethally poisoned!
The redback poisons you!
The wolf spider hits you but does no damage.
The wolf spider barely misses you. The redback closely misses you.
The redback misses you. The wolf spider misses you.
The wolf spider splashes around in the water.
The redback closely misses you. You furiously retaliate!
You headbutt the redback!
As you read the scroll of fear, it crumbles to dust.
You assume a fearsome visage.
The torpor snail looks frightened!
The orb spider looks frightened!
The wolf spider looks frightened!
The redback looks frightened!
The redback resists with some effort.
* * * LOW HITPOINT WARNING * * *
You feel extremely sick.
The redback bites you but does no damage.
The redback barely misses you. The redback bites you.
* * * LOW HITPOINT WARNING * * *
As you read the scroll of teleportation, it crumbles to dust.
You feel strangely unstable.
* * * LOW HITPOINT WARNING * * *
You feel extremely sick. The redback closely misses you.
The redback bites you but does no damage.
Unknown command.
You enter the shallow water.
Moving in this stuff is going to be slow.
You die...

##.........###
#####.....##.....#
#...#...(..##~...###
#...........~~....# ##
#####............~~...# #≈
#≈##.............~#..##
##≈≈##≈≈.............~#....#
###~≈≈#≈≈~...s.#.^.....#~....##
..#.~~≈~s.....@~≈.......#...^.#
...^.~#....^.#≈~~.............#
.........s.#.###~s~...........#
#..~.^..w#### ###≈........^...
.#:#≈~....^# #.............
.~~≈#~..#### ##.....#......
..~~#....# .....####.....
..~~....## .....# #......(
..~.^..s# ..^## ≈...##..


You could see a torpor snail (fleeing), a wolf spider (fleeing), an orb spider
(charged, fleeing) and 2 redbacks.

Vanquished Creatures
  Kirke (D:12)
  A balrug (Gauntlet)
  A minotaur (Gauntlet)
  A dire elephant (Gauntlet)
  A spark wasp (Spider:1)
  Snorg (Lair:5)
  An entropy weaver (shapeshifter) (D:15)
  Fannar (Orc:1)
  The ghost of pkoi the Grappler, a journeyman DrMo of Hepliaklqana (Lair:2)
  4 catoblepae
  8 hydras
  5 centaur warriors
  2 boulder beetles
  11 death yaks (Lair:5)
  5 two-headed ogres
  An orc high priest (Orc:1)
  A tengu warrior (D:13)
  Sonja (Lair:1)
  Amaemon (Lair:1)
  Nergalle (Lair:1)
  A pharaoh ant (Spider:1)
  2 skysharks
  An orb spider (Spider:1)
  A steelbarb worm (Spider:1)
  A wizard (D:15)
  A deep elf pyromancer (D:12)
  5 orc knights
  3 necromancers
  7 ugly things
  A wolf spider (Spider:1)
  2 deep elf zephyrmancers (D:15)
  5 cyclopes
  4 manticores
  3 orc sorcerers
  2 merfolk sirens (Lair:3)
  A moth of wrath (Spider:1)
  2 elephants (Gauntlet)
  A demonic crawler (Spider:1)
  5 black mambas
  An orange demon (Lair:1)
  7 cane toads
  2 gargoyles (D:12)
  Maggie (Lair:1)
  A centaur skeleton (D:15)
  A rime drake (Lair:1)
  A kobold demonologist (D:13)
  A tengu conjurer (D:13)
  A freezing wraith (D:14)
  9 komodo dragons
  9 trolls
  2 merfolk (Lair:3)
  A harpy skeleton (D:15)
  4 tarantellas (Spider:1)
  5 polar bears
  Prince Ribbit (D:7)
  4 dream sheep (Lair:2)
  15 blink frogs
  A hornet (D:14)
  14 slime creatures
  A jumping spider (Lair:3)
  91 yaks
  2 shadows
  2 wraiths (D:13)
  2 wyverns
  4 humans (D:12)
  3 basilisks
  A steam dragon (D:7)
  5 vampire mosquitoes
  A warg (Orc:1)
  2 acid dragons
  Duvessa (D:4)
  28 water moccasins
  A hell hound (Gauntlet)
  2 ice beasts
  5 black bears
  26 orc warriors
  3 boggarts (D:14)
  6 ogres
  15 wolves
  18 centaurs
  3 phantoms
  Blork the orc (D:5)
  8 bullfrogs
  5 kobold brigands
  A gnoll sergeant (D:12)
  4 scorpions (D:6)
  6 wights
  Dowan (D:4)
  5 killer bees (D:11)
  5 electric eels
  8 howler monkeys
  8 jellies
  4 hounds
  7 orc priests
  A gnoll bouda (D:6)
  9 orc wizards
  A sleepcap (D:4)
  A boggart zombie (D:15)
  4 iguanas
  7 gnolls
  6 adders
  2 shadow imps
  An ufetubus (D:5)
  2 worms
  A dart slug (D:4)
  55 orcs
  5 ball pythons
  3 bats
  17 endoplasms
  3 giant cockroaches
  3 goblins
  9 hobgoblins
  20 kobolds
  3 quokkas
  A frilled lizard (D:2)
  5 rats
622 creatures vanquished.

Vanquished Creatures (others)
  An orc wizard (D:12)
  An orc (Orc:1)
  A kobold (D:7)
3 creatures vanquished.

Grand Total: 625 creatures vanquished

Notes
Turn   | Place    | Note
-------+----------+-------------------------------------------
     0 | D:1      | cowcol the Minotaur Fighter began the quest for the Orb.
     0 | D:1      | Reached XP level 1. HP: 19/19 MP: 0/0
   419 | D:1      | Found a faded altar of an unknown god.
   586 | D:1      | Reached XP level 2. HP: 27/27 MP: 1/1
   835 | D:2      | Reached skill level 3 in Axes
   894 | D:2      | Reached XP level 3. HP: 33/33 MP: 2/2
   915 | D:2      | Reached skill level 4 in Axes
   975 | D:2      | Reached XP level 4. HP: 40/40 MP: 3/3
  1557 | D:3      | Reached skill level 5 in Armour
  2113 | D:3      | Noticed a black bear
  2118 | D:3      | Killed a black bear
  2119 | D:3      | Reached skill level 5 in Axes
  2119 | D:3      | Reached XP level 5. HP: 46/46 MP: 4/4
  2714 | D:4      | Noticed a phantom
  2734 | D:4      | Killed a phantom
  2735 | D:4      | Reached skill level 6 in Axes
  2735 | D:4      | Reached XP level 6. HP: 47/52 MP: 5/5
  2803 | D:4      | Reached skill level 1 in Throwing
  3067 | D:4      | Noticed Dowan
  3068 | D:4      | Noticed Duvessa
  3076 | D:4      | Killed Dowan
  3077 | D:4      | Reached skill level 7 in Axes
  3082 | D:4      | Killed Duvessa
  3083 | D:4      | Reached XP level 7. HP: 22/58 MP: 6/6
  3355 | D:4      | Found the +12 pair of quick blades "Gyre" and "Gimble"
                  | {protect}
  3538 | D:5      | Entered Level 5 of the Dungeon
  3790 | D:5      | Reached skill level 8 in Axes
  3914 | D:5      | Noticed Blork the orc
  3920 | D:5      | Killed Blork the orc
  3922 | D:5      | Reached skill level 1 in Short Blades
  4255 | D:5      | Reached XP level 8. HP: 66/66 MP: 7/7
  4311 | D:5      | Reached skill level 9 in Axes
  4672 | D:5      | Noticed a slime creature
  4672 | D:5      | Noticed a slime creature
  4690 | D:5      | Killed a slime creature
  4701 | D:5      | Killed a slime creature
  4852 | D:6      | Reached skill level 10 in Axes
  4859 | D:6      | Found a staircase to the Ecumenical Temple.
  4870 | D:6      | Reached XP level 9. HP: 40/71 MP: 8/8
  4972 | D:6      | Reached skill level 5 in Short Blades
  4980 | Temple   | Entered the Ecumenical Temple
  5002 | Temple   | Became a worshipper of Warmaster Okawaru
  5466 | D:6      | Reached skill level 5 in Fighting
  5751 | D:6      | Noticed a troll
  5781 | D:6      | Reached * piety under Okawaru
  5795 | D:6      | Reached skill level 10 in Armour
  5811 | D:6      | Killed a troll
  5812 | D:6      | Reached skill level 11 in Axes
  6407 | D:7      | Identified the +4 spear of Chaos {vamp, *Noise Fly rElec
                  | rN+++}
  6571 | D:7      | Reached ** piety under Okawaru
  6610 | D:7      | Reached XP level 10. HP: 81/84 MP: 9/9
  6642 | D:7      | Noticed Prince Ribbit
  6648 | D:7      | Killed Prince Ribbit
  7294 | D:8      | Reached *** piety under Okawaru
  8544 | D:8      | Found a burning altar of Makhleb.
  8919 | D:9      | Reached skill level 12 in Axes
 10937 | D:9      | Noticed a manticore
 10950 | D:9      | Killed a manticore
 10950 | D:9      | Reached **** piety under Okawaru
 11571 | D:9      | Reached skill level 13 in Axes
 11955 | D:9      | Noticed a two-headed ogre
 11964 | D:9      | Killed a two-headed ogre
 11965 | D:9      | Reached XP level 11. HP: 68/99 MP: 10/10
 12554 | D:10     | Entered Level 10 of the Dungeon
 12554 | D:10     | Found a staircase to the Orcish Mines.
 12954 | D:10     | Found a white marble altar of Elyvilon.
 13433 | D:10     | Reached skill level 10 in Fighting
 13440 | D:10     | Reached ***** piety under Okawaru
 13441 | D:10     | Reached skill level 14 in Axes
 13966 | D:10     | Found a glowing golden altar of the Shining One.
 13966 | D:10     | Found a blossoming altar of Fedhas.
 13970 | D:10     | Found a shadowy altar of Dithmenos.
 13972 | D:10     | Found a snail-covered altar of Cheibriados.
 13972 | D:10     | Found a bloodstained altar of Trog.
 13973 | D:10     | Found an opulent altar of Gozag.
 14000 | D:10     | Found a staircase to the Lair.
 15161 | Lair:1   | Entered Level 1 of the Lair of Beasts
 15217 | D:11     | Reached skill level 15 in Axes
 15221 | D:11     | Received a gift from Okawaru
 15403 | D:11     | Noticed a two-headed ogre
 15412 | D:11     | Killed a two-headed ogre
 15444 | D:11     | Noticed a two-headed ogre
 15454 | D:11     | Killed a two-headed ogre
 15503 | D:11     | Noticed a boulder beetle
 15515 | D:11     | Killed a boulder beetle
 15723 | D:11     | Found a transporter.
 15726 | D:11     | Found a transporter.
 15801 | D:11     | Found Zuhiulup's Magic Scroll Shoppe.
 15931 | D:11     | Bought a scroll of enchant armour for 82 gold pieces
 15931 | D:11     | Bought a scroll of identify for 22 gold pieces
 15931 | D:11     | Bought a scroll of identify for 22 gold pieces
 16011 | D:11     | Reached skill level 16 in Axes
 16381 | D:11     | Found a transporter.
 16382 | D:11     | Found a transporter.
 16415 | D:11     | Found a transporter.
 16423 | D:11     | Found a transporter.
 16571 | D:11     | Reached XP level 12. HP: 110/110 MP: 11/11
 17020 | Lair:1   | Noticed Amaemon
 17037 | Lair:1   | Killed Amaemon
 17037 | Lair:1   | Received a gift from Okawaru
 17468 | Lair:1   | Noticed Nergalle
 17478 | Lair:1   | Killed Nergalle
 17964 | Lair:1   | Noticed Sonja
 17965 | Lair:1   | Reached skill level 17 in Axes
 17996 | Lair:1   | Killed Sonja
 19428 | Lair:1   | Identified the +6 executioner's axe "Didegh" {freeze, rPois
                  | rC+++ Str+6 Int-5} (Okawaru gifted it to you on level 1 of
                  | the Lair of Beasts)
 19428 | Lair:1   | Received a gift from Okawaru
 19571 | Lair:1   | Noticed Maggie
 19586 | Lair:1   | Killed Maggie
 20297 | Lair:1   | Found a broken altar of Ashenzari.
 21073 | Lair:2   | Reached skill level 18 in Axes
 21616 | Lair:2   | Found a runed translucent door.
 22200 | Lair:2   | Identified the +0 plate armour of the Alphagorgon {Int+5}
                  | (Okawaru gifted it to you on level 2 of the Lair of Beasts)
 22200 | Lair:2   | Received a gift from Okawaru
 22417 | Lair:2   | Reached XP level 13. HP: 65/125 MP: 12/12
 23009 | Lair:2   | Noticed pkoi's ghost (journeyman DrMo)
 23028 | Lair:2   | Killed pkoi's ghost
 23568 | Lair:3   | Reached skill level 1 in Invocations
 23627 | Lair:3   | Reached skill level 1 in Dodging
 24070 | Lair:3   | Found a hole to the Spider Nest.
 24275 | Lair:3   | Reached skill level 15 in Fighting
 25036 | Lair:3   | Found a staircase to the Shoals.
 25691 | Lair:3   | Gained mutation: Your skin changes colour to match your
                  | surroundings (Stealth+). [potion of mutation]
 25691 | Lair:3   | Gained mutation: Your magical capacity is low. (-10% MP)
                  | [potion of mutation]
 25691 | Lair:3   | Gained mutation: You possess an exceptional clarity of
                  | mind. [potion of mutation]
 25692 | Lair:3   | Lost mutation: Your skin changes colour to match your
                  | surroundings (Stealth+). [potion of mutation]
 25692 | Lair:3   | Lost mutation: Your magical capacity is low. (-10% MP)
                  | [potion of mutation]
 25692 | Lair:3   | Gained mutation: You are agile. (Dex +4, Str/Int -1)
                  | [potion of mutation]
 25756 | Lair:4   | Found a gate leading to a gauntlet.
 25776 | Gauntlet | Entered a Gauntlet
 25776 | Gauntlet | Found a transporter.
 25779 | Gauntlet | Found a transporter.
 25789 | Gauntlet | Found a transporter.
 25790 | Gauntlet | Found a transporter.
 25797 | Gauntlet | Found a transporter.
 25797 | Gauntlet | Found a transporter.
 25798 | Gauntlet | Found a transporter.
 25799 | Gauntlet | Found a transporter.
 25847 | Gauntlet | Noticed a balrug
 25851 | Gauntlet | Found a runed translucent door.
 25852 | Gauntlet | Found a transporter.
 25852 | Gauntlet | Found a transporter.
 25859 | Gauntlet | Found a transporter.
 25888 | Gauntlet | Found a runed translucent door.
 25889 | Gauntlet | Noticed a dire elephant
 25892 | Gauntlet | Found a transporter.
 25920 | Gauntlet | Killed a dire elephant
 25921 | Gauntlet | Reached skill level 19 in Axes
 26249 | Gauntlet | Killed a balrug
 26610 | Gauntlet | Identified the +7 great sword of Uskayaw, Writhing {freeze,
                  | rN+ rCorr}
 26610 | Gauntlet | Noticed a minotaur
 26614 | Gauntlet | Killed a minotaur
 26780 | Lair:4   | Identified a scroll of acquirement
 26781 | Lair:4   | Acquired the ring of Nohasaf {Fire Contam Will++ rCorr
                  | SInv}
 26816 | Lair:4   | Received a gift from Okawaru
 28342 | Lair:5   | Entered Level 5 of the Lair of Beasts
 28342 | Lair:5   | Found a hazy altar of Hepliaklqana.
 28859 | Lair:5   | Reached XP level 14. HP: 138/138 MP: 15/15
 29331 | Lair:5   | Reached skill level 20 in Axes
 30078 | Lair:5   | Identified the +5 ring mail of Etuaxocy {rPois rN+ Regen+
                  | Dex+3}
 30218 | Lair:5   | Identified the +2 ring mail "Icinezot" {Str-3 Int+5}
                  | (Okawaru gifted it to you on level 5 of the Lair of Beasts)
 30218 | Lair:5   | Received a gift from Okawaru
 30457 | Lair:5   | Noticed Snorg
 30462 | Lair:5   | Killed Snorg
 31048 | Lair:5   | Found a viscous altar of Jiyva.
 31048 | Lair:5   | Found a staircase to the Slime Pits.
 32957 | D:12     | Noticed Kirke
 32971 | D:12     | Killed Kirke
 33401 | D:12     | Found Vocwog's Overcharged Wands.
 33591 | Orc:1    | Entered Level 1 of the Orcish Mines
 34128 | Orc:2    | Entered Level 2 of the Orcish Mines
 34859 | Orc:1    | Received a gift from Okawaru
 34869 | Orc:1    | Noticed Fannar
 35287 | Orc:1    | Killed Fannar
 36756 | Orc:2    | Reached XP level 15. HP: 152/152 MP: 14/16
 36826 | Orc:2    | Found Wontoqes's Jewellery Boutique.
 36826 | Orc:2    | Found Quenui's Jewellery Emporium.
 36829 | Orc:2    | Found Naarr's Jewellery Shoppe.
 36831 | Orc:2    | Found Pikucula's Magic Scroll Shop.
 36837 | Orc:2    | Bought a scroll of identify for 36 gold pieces
 36837 | Orc:2    | Bought a scroll of enchant weapon for 135 gold pieces
 36849 | Orc:2    | Bought a +4 ring of protection for 468 gold pieces
 37409 | Orc:2    | Found a staircase to the Elven Halls.
 39061 | D:13     | Found a gate to the Vaults.
 39067 | D:13     | Reached skill level 21 in Axes
 39656 | Orc:2    | Bought the ring "Damejy" {Ice rElec rPois Will- Dex+5} for
                  | 643 gold pieces
 39871 | D:14     | Found Qalaybaw's Antique Armour Shoppe.
 39891 | D:14     | Bought a pair of gloves for 148 gold pieces
 39934 | D:14     | You fall into a shaft and drop 1 floor!
 39934 | D:15     | Entered Level 15 of the Dungeon
 40128 | D:14     | Received a gift from Okawaru
 42193 | D:15     | Found a staircase to the Depths.
 42489 | Spider:1 | Entered Level 1 of the Spider Nest
 43555 | Spider:1 | Succumbed to a redback's poison

Illustrated notes

Levels and vault maps discovered:
D:1:      elethiomel_arrival_shortcut, layout_loops_ring,
          dreamdust_ecumenical_altar_grove
D:2:      layout_basic
D:3:      layout_loops_ring, kennysheep_nub
D:4:      layout_cave_pools, uniq_duvessa
D:5:      cheibrodos_fertilizer, layout_loops_cross,
          chequers_serial_rivers_marsh, grunt_decor_clamped, uniq_blork_the_orc
D:6:      minmay_clustersquares, layout_loops_cross,
          minmay_temple_entry_sparse_star, minmay_strange_pillars, minivault_22
D:7:      layout_rooms, serial_co_window_serial, co_window_corner_a,
          co_window_corner_a, co_window_paths_b, co_window_paths_a,
          co_window_corner_a, co_window_cross_1, co_window_2corner,
          co_window_unsneaky_path_e, co_window_2corner, co_window_cross_2,
          co_window_broadway_b, co_window_corner_b, glass_columns_a,
          glass_columns_a, glass_columns_b, uniq_prince_ribbit1
D:8:      layout_basic, general_overflow_altar
D:9:      layout_grid_maze, serial_glass, glass_columns_c, glass_columns_a,
          feat_on_display, item_on_display_a
D:10:     layout_roguey, nicolae_elyvilon_temple_path,
          grunt_temple_overflow_open, lair_entry_dummy, david_orc_2
D:11:     layout_irregular_city, serial_shops, shop, serial_nicolae_subway,
          nicolae_sub_station_metal, nicolae_sub_station_crystal,
          nicolae_sub_station_stone
D:12:     minmay_recursive_quarters, layout_loops_ring,
          nicolae_shop_overcharged_wands, uniq_kirke
D:13:     layout_stronghold, david_vaults_1
D:14:     layout_basic, serial_shops, nicolae_shop_statue_plus, minivault_14
D:15:     grunt_enter_depths_magical_seal, layout_loops_ring,
          minmay_misc_feat_rows
Temple:   nicolae_temple_superstar
Lair:1:   layout_cave_pods, lemuel_centaur_altar, infiniplex_staircase_pool,
          grunt_megastairs_3, lemuel_fruit_fields, uniq_amaemon, uniq_sonja,
          uniq_nergalle, uniq_maggie
Lair:2:   layout_gridlike, ebering_ghost_reflecting_pool
Lair:3:   layout_loops_ring, elwin_shoals_entry_stream,
          spider_nest_entry_rubble, beast_lair_carwin_1
Lair:4:   layout_roguey, gauntlet_entry_generic, grunt_forest_large_clearings,
          lemuel_fruit_tree, serial_bayou_shore_b, serial_bayou_shore_a,
          lemuel_fruit_fields
Lair:5:   evilmike_catoblepas_cave, layout_cave_pods,
          nicolae_slime_entry_slimehenge, basic_altar, uniq_snorg
Spider:1: layout_spider_delve
Orc:1:    layout_caves, uniq_fannar
Orc:2:    st_orc_rangers, layout_caves

Skill      XL: |  1  2  3  4  5  6  7  8  9 10 11 12 13 14 15 |
---------------+----------------------------------------------+-----
Armour         | 4 5 6 7 8 11 12 14 | 14.0
Axes           | 3 4 5 6 7 8 10 11 13 16 18 19 20 21 | 21.5
Throwing       | 1 |  1.6
Short Blades   | 1 4 5 |  5.0
Fighting       | 4 6 9 11 14 16 19 20 | 20.3
Invocations    | 2 3 |  3.6
Dodging        | 1 2 |  2.1
Shields        | |  3.6

Action                     |  1- 3 |  4- 6 |  7- 9 | 10-12 | 13-15 || total
---------------------------+-------+-------+-------+-------+-------++-------
  Melee: War axe           |    51 |    88 |     6 |       |       ||   145
         Headbutt          |     8 |    14 |    33 |   101 |   163 ||   319
         Pair of quick bla |       |       |   159 |    26 |       ||   185
         Battleaxe         |       |       |       |   290 |   153 ||   443
         Broad axe         |       |       |       |   163 |   512 ||   675
         Punch             |       |       |       |     1 |    10 ||    11
         Hand axe          |       |       |       |       |    28 ||    28
  Throw: Dart              |     1 |     7 |       |    33 |     4 ||    45
         Javelin           |       |       |       |       |     2 ||     2
 Invoke: Heroism           |       |       |       |     6 |    22 ||    28
  Evoke: Wand              |       |       |       |     2 |     4 ||     6
    Use: Scroll            |     3 |     3 |    10 |     5 |    17 ||    38
         Potion            |       |     1 |       |     8 |     5 ||    14
   Stab: Paralysed         |       |       |       |     1 |       ||     1
         Petrified         |       |       |       |       |     1 ||     1
 Armour: Scale mail        |    13 |    30 |    43 |       |       ||    86
         Plate armour      |       |       |     4 |   257 |   665 ||   926
         Skin              |       |       |       |       |     1 ||     1
  Dodge: Dodged            |    15 |    42 |    55 |   241 |   400 ||   753
  Block: Buckler           |     8 |    22 |       |       |       ||    30
